COLORADO Avalanche vs DALLAS Stars (R4)

Created - 21 mars 2019 at 14:50

Goals
1 2 3 OT1 T
COLORADO Avalanche 0 1 1 1 3
DALLAS Stars 1 0 1 0 2
Shots
1 2 3 OT1 T
COLORADO Avalanche 11 10 10 2 33
DALLAS Stars 13 5 12 0 30

1st period

1. DALLAS Stars , Scott Hartnell 18 (Mikkel Boedker 35, Derek Ryan 27) at 2:46 (PP)

Penalties :
Patrick Maroon (COL) for Interference (Minor) at 2:11, Dan Girardi (COL) for Roughing (Minor) at 15:08, MacKenzie Weegar (DAL) for Interference (Minor) at 18:16

2nd period

2. COLORADO Avalanche , Carl Hagelin 12 (Patrick Maroon 17, Darren Helm 20) at 8:22

Penalties :
David Pastrnak (COL) for Hooking (Minor) at 2:49, Jamie McGinn (DAL) for Fighting (Major) at 6:20, David Savard (COL) for Fighting (Major) at 6:20, Jamie McGinn (DAL) for instigated a fight (Game Misconduct) at 6:20, Milan Lucic (DAL) for Hooking (Minor) at 11:39

3rd period

3. COLORADO Avalanche , Jeff Skinner 19 (Jonas Brodin 37, David Pastrnak 37) at 9:30 (PP)
4. DALLAS Stars , Mikkel Boedker 14 (Derek Ryan 28) at 19:42

Penalties :
Mark Barberio (DAL) for High sticking (Minor) at 2:18, MacKenzie Weegar (DAL) for Tripping (Minor) at 8:05, MacKenzie Weegar (DAL) for Roughing (Minor) at 15:06

Overtime #1

5. COLORADO Avalanche , Jonas Brodin 14 (David Perron 33, David Pastrnak 38) at 2:48

Penalties :
No Penalty

Goalie Stats

Brian Elliott (COL), 28 saves from 30 shots - (0,933), W, 26-31-4, 62:49 minutes
Steve Mason (DAL), 30 saves from 33 shots - (0,909), OTL, 14-22-7, 62:07 minutes

Players Stats for COLORADO Avalanche

Player Name              G  A  P  +/- PIM S  H  SB GA TA FO     MP     PP MP  PK MP  
------------------------------------------------------------------------------------
Carl Hagelin             1  0  1   1  0   3  2  0  0  0  0/0    12:00   0:00   0:00 
Craig Smith              0  0  0  -1  0   2  0  0  0  0  0/0    23:14   6:22   1:06 
Dan Girardi              0  0  0   0  2   1  2  2  0  0  0/0    22:13   0:32   0:00 
Darren Helm              0  1  1   0  0   1  2  0  0  0  20/28  19:37   4:58   0:00 
David Pastrnak           0  2  2   0  2   6  2  0  0  0  3/11   27:13   6:22   1:28 
David Perron             0  1  1   1  0   1  0  1  0  0  0/0    23:58   4:58   2:25 
David Savard             0  0  0   0  5   3  0  2  0  0  0/0    26:36   5:24   2:26 
Frank Vatrano            0  0  0   0  0   0  0  0  0  0  0/0     2:35   0:00   0:00 
Jeff Skinner             1  0  1  -1  0   6  0  0  0  0  18/32  23:14   6:22   1:06 
Jonas Brodin             1  1  2   0  0   3  1  0  0  0  0/0    24:58   5:37   2:07 
Jonathan Ericsson        0  0  0   1  0   1  3  0  0  0  0/0    23:32   4:16   2:07 
Justin Falk              0  0  0   1  0   0  2  0  0  0  0/0    10:36   0:00   2:26 
Kevin Bieksa             0  0  0   0  0   5  5  0  0  0  0/0    17:41   6:51   0:00 
Kris Versteeg            0  0  0   1  0   0  1  0  0  0  0/0    13:02   0:00   1:02 
Mathieu Perreault        0  0  0   0  0   0  0  0  0  0  0/0     0:00   0:00   0:00 
Patrick Maroon           0  1  1   0  2   0  4  0  0  0  0/1    19:36   4:58   0:00 
Ryan Spooner             0  0  0   1  0   1  0  0  0  0  5/12   13:02   0:00   1:02 
Zack Smith               0  0  0   0  0   0  1  0  0  0  3/6     3:32   0:00   0:57 

Players Stats for DALLAS Stars

Player Name              G  A  P  +/- PIM S  H  SB GA TA FO     MP     PP MP  PK MP  
------------------------------------------------------------------------------------
Ben Hutton               0  0  0   0  0   0  3  0  0  0  0/0    20:35   0:44   3:39 
Chris Kunitz             0  0  0  -1  0   1  0  0  0  0  1/2    23:46   2:07   5:46 
Chris Stewart            0  0  0   0  0   3  3  0  0  0  0/0    11:12   0:00   0:00 
Connor Murphy            0  0  0  -1  0   2  2  0  0  0  0/0    27:15   2:22   7:43 
Dale Weise               0  0  0  -1  0   1  1  0  0  0  5/6    13:45   0:00   0:00 
Dalton Prout             0  0  0   0  0   1  3  0  0  0  0/0    19:11   2:11   4:00 
Derek Ryan               0  2  2   1  0   4  0  2  0  0  18/42  23:28   2:26   7:23 
Eric Fehr                0  0  0   0  0   1  0  0  0  0  5/16   16:50   2:07   0:34 
Eric Gelinas             0  0  0  -1  0   0  5  1  0  0  0/0    20:17   1:38   4:39 
Jamie McGinn             0  0  0   0  17  0  0  0  0  0  0/0     7:37   2:07   0:00 
Lee Stempniak            0  0  0  -1  0   3  1  0  0  0  0/0     8:34   0:00   2:05 
MacKenzie Weegar         0  0  0   0  6   0  4  4  0  0  0/0    20:51   2:11   1:50 
Mark Barberio            0  0  0   0  2   1  0  0  0  0  0/0    17:19   0:00   0:43 
Mikkel Boedker           1  1  2   1  0   7  1  0  0  0  2/2    20:33   2:26   3:23 
Milan Lucic              0  0  0   0  2   2  3  1  0  0  2/2    15:22   0:00   0:00 
Scott Hartnell           1  0  1   0  0   2  2  0  0  0  2/7    16:56   2:26   3:35 
Tanner Fritz             0  0  0   0  0   1  0  0  0  0  6/11    9:50   0:00   0:00 
Tyler Ennis              0  0  0  -1  0   1  0  0  0  0  0/2     6:29   0:00   0:00 

3 Stars

1 - Mikkel Boedker (DAL)
2 - Jonas Brodin (COL)
3 - Carl Hagelin (COL)

Power Play

COLORADO Avalanche - 1 on 6 Attempt(s) - 16,67%
DALLAS Stars - 1 on 3 Attempt(s) - 33,33%

Penalty Kill

COLORADO Avalanche - 2 on 3 Attempt(s) - 66,67% - Score 0 goal in Penalty Kill
DALLAS Stars - 5 on 6 Attempt(s) - 83,33% - Score 0 goal in Penalty Kill

Team Stat

COLORADO Avalanche - Hits : 25 - Faceoff Wins : 49 - Blocked Shots : 5 - Penalty Minutes : 11
DALLAS Stars - Hits : 28 - Faceoff Wins : 41 - Blocked Shots : 8 - Penalty Minutes : 27

Official

Referees : Unknown
Linesman : Unknown

Game Notes

Jamie McGinn and David Savard fight to a draw at 6:20 of 2nd period
Jamie McGinn ejected from game at 6:20 of 2nd period

Finance

Level 1 -- Attendance: 4080 (62,77%) -- Ticket Income 489 600 $
Level 2 -- Attendance: 3704 (61,73%) -- Ticket Income 251 872 $
Level 3 -- Attendance: 1794 (44,85%) -- Ticket Income 60 996 $
Level 4 -- Attendance: 2218 (49,29%) -- Ticket Income 66 540 $
Luxury Box -- Attendance: 641 (64,10%) -- Ticket Income 141 020 $
Game was played at the American Airlines Center.
Total Attendance: 12437 (56,53%)
Total Ticket Income: 1 010 028 $
Other Income: 393 911 $
Total Income: 1 403 939 $

COLORADO Avalanche

5 vs 5 Forward 
   Center                   Left Wing                Right Wing               Time % Phy DF OF 
 1 Jeff Skinner             David Pastrnak           Craig Smith              40     1   2  2  
 2 Darren Helm              David Perron             Patrick Maroon           30     1   2  2  
 3 Ryan Spooner             Carl Hagelin             Kris Versteeg            20     1   2  2  
 4 Zack Smith               Frank Vatrano            David Pastrnak           10     1   2  2  

5 vs 5 Defense 
   Defense                  Defense                                           Time % Phy DF OF 
 1 David Savard             Dan Girardi                                       40     1   2  2  
 2 Jonas Brodin             Jonathan Ericsson                                 30     1   2  2  
 3 Dan Girardi              Kevin Bieksa                                      20     1   2  2  
 4 Justin Falk              David Savard                                      10     1   2  2  

PowerPlay Forward 
   Center                   Left Wing                Right Wing               Time % Phy DF OF 
 1 Jeff Skinner             David Pastrnak           Craig Smith              60     1   2  2  
 2 Darren Helm              David Perron             Patrick Maroon           40     1   2  2  

PowerPlay Defense
   Defense                  Defense                                           Time % Phy DF OF 
 1 David Savard             Kevin Bieksa                                      60     1   2  2  
 2 Jonas Brodin             Jonathan Ericsson                                 40     1   2  2  

Penalty Kill 4 Players Forward 
   Center                   Wing                     Time % Phy DF OF 
 1 David Pastrnak           David Perron             60     1   2  2  
 2 Jeff Skinner             Craig Smith              40     1   2  2  

Penalty Kill 4 Players Defense
   Defense                  Defense                  Time % Phy DF OF 
 1 David Savard             Justin Falk              60     1   2  2  
 2 Jonas Brodin             Jonathan Ericsson        40     1   2  2  

Penalty Kill - 3 Players Forward 
   Forward                                           Time % Phy DF OF 
 1 David Pastrnak                                    60     1   2  2  
 2 David Perron                                      40     1   2  2  

Penalty Kill - 3 Players Defense
   Defense                  Defense                  Time % Phy DF OF 
 1 David Savard             Justin Falk              60     1   2  2  
 2 Jonas Brodin             Jonathan Ericsson        40     1   2  2  

4 vs 4 Forward 
   Center                   Wing                     Time % Phy DF OF 
 1 David Pastrnak           David Perron             60     1   2  2  
 2 Jeff Skinner             Craig Smith              40     1   2  2  

4 vs 4 Defense
   Defense                  Defense                  Time % Phy DF OF 
 1 David Savard             Kevin Bieksa             60     1   2  2  
 2 Jonas Brodin             Jonathan Ericsson        40     1   2  2  

Last Minutes Offensive
   Center                   Left Wing                Right Wing               Defense                  Defense                  
   Jeff Skinner             David Pastrnak           Craig Smith              David Savard             Jonas Brodin             

Last Minutes Defensive
   Center                   Left Wing                Right Wing               Defense                  Defense                  
   Jeff Skinner             David Pastrnak           Craig Smith              David Savard             Jonas Brodin             

Goaltenders
Starting : Brian Elliott            
Backup : Anton Khudobin           

Extra Forwards
Normal : Carl Hagelin, Ryan Spooner, Zack Smith - PP : Carl Hagelin, Ryan Spooner - PK : Zack Smith
Extra Defensemen
Normal : David Savard, Kevin Bieksa, Justin Falk - PP : David Savard - PK : Kevin Bieksa, Justin Falk
Penalty Shots
David Pastrnak, David Perron, Jeff Skinner, Craig Smith, Patrick Maroon

DALLAS Stars

5 vs 5 Forward 
   Center                   Left Wing                Right Wing               Time % Phy DF OF 
 1 Derek Ryan               Milan Lucic              Mikkel Boedker           40     1   2  2  
 2 Eric Fehr                Chris Kunitz             Jamie McGinn             30     1   2  2  
 3 Tanner Fritz             Scott Hartnell           Chris Stewart            20     1   2  2  
 4 Dale Weise               Tyler Ennis              Lee Stempniak            10     1   2  2  

5 vs 5 Defense 
   Defense                  Defense                                           Time % Phy DF OF 
 1 Connor Murphy            Ben Hutton                                        40     1   2  2  
 2 Mark Barberio            MacKenzie Weegar                                  30     1   2  2  
 3 Dalton Prout             Eric Gelinas                                      20     1   2  2  
 4 Connor Murphy            Ben Hutton                                        10     1   2  2  

PowerPlay Forward 
   Center                   Left Wing                Right Wing               Time % Phy DF OF 
 1 Derek Ryan               Scott Hartnell           Mikkel Boedker           60     1   2  2  
 2 Eric Fehr                Chris Kunitz             Jamie McGinn             40     1   2  2  

PowerPlay Defense
   Defense                  Defense                                           Time % Phy DF OF 
 1 Connor Murphy            Eric Gelinas                                      60     1   2  2  
 2 Dalton Prout             MacKenzie Weegar                                  40     1   2  2  

Penalty Kill 4 Players Forward 
   Center                   Wing                     Time % Phy DF OF 
 1 Derek Ryan               Chris Kunitz             60     1   2  2  
 2 Scott Hartnell           Mikkel Boedker           40     1   2  2  

Penalty Kill 4 Players Defense
   Defense                  Defense                  Time % Phy DF OF 
 1 Connor Murphy            Dalton Prout             60     1   2  2  
 2 Eric Gelinas             MacKenzie Weegar         40     1   2  2  

Penalty Kill - 3 Players Forward 
   Forward                                           Time % Phy DF OF 
 1 Mikkel Boedker                                    60     1   2  2  
 2 Chris Kunitz                                      40     1   2  2  

Penalty Kill - 3 Players Defense
   Defense                  Defense                  Time % Phy DF OF 
 1 Connor Murphy            Dalton Prout             60     1   2  2  
 2 Eric Gelinas             MacKenzie Weegar         40     1   2  2  

4 vs 4 Forward 
   Center                   Wing                     Time % Phy DF OF 
 1 Milan Lucic              Chris Kunitz             60     1   2  2  
 2 Scott Hartnell           Mikkel Boedker           40     1   2  2  

4 vs 4 Defense
   Defense                  Defense                  Time % Phy DF OF 
 1 Connor Murphy            Eric Gelinas             60     1   2  2  
 2 Dalton Prout             MacKenzie Weegar         40     1   2  2  

Last Minutes Offensive
   Center                   Left Wing                Right Wing               Defense                  Defense                  
   Derek Ryan               Milan Lucic              Mikkel Boedker           Connor Murphy            Ben Hutton               

Last Minutes Defensive
   Center                   Left Wing                Right Wing               Defense                  Defense                  
   Derek Ryan               Milan Lucic              Mikkel Boedker           Connor Murphy            Ben Hutton               

Goaltenders
Starting : Steve Mason              
Backup : Scott Darling            

Extra Forwards
Normal : Dale Weise, Chris Stewart, Lee Stempniak - PP : Dale Weise, Chris Stewart - PK : Lee Stempniak
Extra Defensemen
Normal : Dalton Prout, Eric Gelinas, Connor Murphy - PP : Dalton Prout - PK : Eric Gelinas, Connor Murphy
Penalty Shots
Lee Stempniak, Chris Kunitz, Scott Hartnell, Mikkel Boedker, Jamie McGinn


% Time on Ice - COLORADO Avalanche

Lines # - Real PCT - Wanted PCT - Time Play
Normal Forward
1 - 34% - 40% - 14:51
2 - 33% - 30% - 14:39
3 - 27% - 20% - 12:00
4 - 6% - 10% - 2:35
Normal Defense
1 - 33% - 40% - 14:31
2 - 36% - 30% - 15:47
3 - 16% - 20% - 7:11
4 - 15% - 10% - 6:36
PP Forward
1 - 56% - 60% - 6:22
2 - 44% - 40% - 4:58
PP Defense
1 - 65% - 60% - 7:23
2 - 35% - 40% - 3:57
PK Forward
1 - 76% - 60% - 3:27
2 - 24% - 40% - 1:06
PK Defense
1 - 53% - 60% - 2:26
2 - 47% - 40% - 2:07
PK3 Forward
1 - 0% - 60%
2 - 0% - 40%
PK3 Defense
1 - 0% - 60%
2 - 0% - 40%
44 Forward
1 - 69% - 60% - 1:56
2 - 31% - 40% - 0:53
44 Defense
1 - 51% - 60% - 1:27
2 - 49% - 40% - 1:22
Last Minute Offensive  - 0:00
Last Minute Defensive  - 0:02
Total
Forward - 62:49
Defense - 62:49

% Time on Ice - DALLAS Stars

Lines # - Real PCT - Wanted PCT - Time Play
Normal Forward
1 - 31% - 40% - 13:23
2 - 32% - 30% - 14:09
3 - 22% - 20% - 9:50
4 - 15% - 10% - 6:29
Normal Defense
1 - 33% - 40% - 14:16
2 - 38% - 30% - 16:46
3 - 27% - 20% - 11:53
4 - 2% - 10% - 0:56
PP Forward
1 - 53% - 60% - 2:26
2 - 47% - 40% - 2:07
PP Defense
1 - 52% - 60% - 2:22
2 - 48% - 40% - 2:11
PK Forward
1 - 70% - 60% - 7:57
2 - 30% - 40% - 3:23
PK Defense
1 - 42% - 60% - 4:47
2 - 58% - 40% - 6:33
PK3 Forward
1 - 0% - 60%
2 - 0% - 40%
PK3 Defense
1 - 0% - 60%
2 - 0% - 40%
44 Forward
1 - 62% - 60% - 1:44
2 - 38% - 40% - 1:05
44 Defense
1 - 62% - 60% - 1:44
2 - 38% - 40% - 1:05
Last Minute Offensive  - 0:16
Last Minute Defensive  - 0:00
Total
Forward - 62:49
Defense - 62:49

Play-by-Play

1st period


0:01 of 1st period - Jeff Skinner wins face-off versus Derek Ryan in neutral zone.
0:18 of 1st period - Shot by David Pastrnak.
0:18 of 1st period - Shot Misses the Net.
0:20 of 1st period - Shot by Craig Smith.
0:20 of 1st period - Deflect By David Pastrnak.
0:20 of 1st period - Stopped by Steve Mason with a rebound.
0:22 of 1st period - Shot by Jeff Skinner.
0:22 of 1st period - Stopped by Steve Mason without a rebound.
0:23 of 1st period - Eric Fehr wins face-off versus Darren Helm in DALLAS Stars zone.
0:23 of 1st period - Eric Fehr is hit by Patrick Maroon.
0:48 of 1st period - Shot by Eric Fehr.
0:48 of 1st period - Stopped by Brian Elliott without a rebound.
0:49 of 1st period - Ryan Spooner wins face-off versus Tanner Fritz in COLORADO Avalanche zone.
1:15 of 1st period - Shot by Scott Hartnell.
1:15 of 1st period - Stopped by Brian Elliott without a rebound.
1:16 of 1st period - Dale Weise wins face-off versus Zack Smith in COLORADO Avalanche zone.
1:20 of 1st period - Tyler Ennis is hit by Justin Falk and loses puck.
2:04 of 1st period - Icing by Ben Hutton.
2:05 of 1st period - Darren Helm wins face-off versus Tyler Ennis in DALLAS Stars zone.
2:08 of 1st period - Shot by David Perron.
2:08 of 1st period - Deflect By Patrick Maroon.
2:08 of 1st period - Shot Misses the Net.
2:11 of 1st period - Minor Penalty to Patrick Maroon for Interference.
2:12 of 1st period - Derek Ryan wins face-off versus David Pastrnak in COLORADO Avalanche zone.
2:20 of 1st period - Icing by Scott Hartnell.
2:21 of 1st period - Derek Ryan wins face-off versus David Pastrnak in DALLAS Stars zone.
2:46 of 1st period - Shot by Scott Hartnell.
2:46 of 1st period - Goal by Scott Hartnell - COLORADO Avalanche : 0 - DALLAS Stars : 1.
2:47 of 1st period - Darren Helm wins face-off versus Eric Fehr in neutral zone.
3:22 of 1st period - Chris Kunitz is hit by Dan Girardi and loses puck.
4:05 of 1st period - Milan Lucic is hit by Jonas Brodin and loses puck.
5:00 of 1st period - Shot by Carl Hagelin.
5:00 of 1st period - Shot Hit the Post.
6:36 of 1st period - Shot by Mikkel Boedker.
6:36 of 1st period - Shot Misses the Net.
6:38 of 1st period - Shot by Mikkel Boedker.
6:38 of 1st period - Stopped by Brian Elliott with a rebound.
6:40 of 1st period - Shot by Eric Gelinas.
6:40 of 1st period - Shot Blocked by David Savard.
6:42 of 1st period - Shot by Eric Gelinas.
6:42 of 1st period - Shot Blocked by David Perron.
6:56 of 1st period - Shot by Milan Lucic.
6:56 of 1st period - Shot Misses the Net.
6:58 of 1st period - Shot by Dalton Prout.
6:58 of 1st period - Shot Misses the Net.
7:14 of 1st period - Justin Falk is hit by Scott Hartnell.
7:26 of 1st period - Shot by Jonathan Ericsson.
7:26 of 1st period - Stopped by Steve Mason without a rebound.
7:27 of 1st period - Jeff Skinner wins face-off versus Dale Weise in DALLAS Stars zone.
7:58 of 1st period - Shot by Mark Barberio.
7:58 of 1st period - Stopped by Brian Elliott without a rebound.
7:59 of 1st period - Derek Ryan wins face-off versus Ryan Spooner in COLORADO Avalanche zone.
7:59 of 1st period - Mikkel Boedker is hit by Kevin Bieksa and loses puck.
8:07 of 1st period - Shot by Derek Ryan.
8:07 of 1st period - Stopped by Brian Elliott without a rebound.
8:08 of 1st period - Ryan Spooner wins face-off versus Derek Ryan in COLORADO Avalanche zone.
8:18 of 1st period - Milan Lucic is hit by Kevin Bieksa and loses puck.
8:23 of 1st period - Shot by Mikkel Boedker.
8:23 of 1st period - Stopped by Brian Elliott without a rebound.
8:24 of 1st period - Jeff Skinner wins face-off versus Eric Fehr in COLORADO Avalanche zone.
9:09 of 1st period - Dalton Prout is hit by David Pastrnak and loses puck.
9:33 of 1st period - Shot by Derek Ryan.
9:33 of 1st period - Stopped by Brian Elliott without a rebound.
9:34 of 1st period - Derek Ryan wins face-off versus Ryan Spooner in COLORADO Avalanche zone.
10:13 of 1st period - Icing by Mikkel Boedker.
10:14 of 1st period - Darren Helm wins face-off versus Derek Ryan in DALLAS Stars zone.
10:24 of 1st period - Icing by Connor Murphy.
10:25 of 1st period - Jeff Skinner wins face-off versus Derek Ryan in DALLAS Stars zone.
10:32 of 1st period - Shot by David Pastrnak.
10:32 of 1st period - Shot Misses the Net.
11:29 of 1st period - Shot by Darren Helm.
11:29 of 1st period - Shot Misses the Net.
11:31 of 1st period - Shot by Dan Girardi.
11:31 of 1st period - Stopped by Steve Mason without a rebound.
11:32 of 1st period - Ryan Spooner wins face-off versus Eric Fehr in DALLAS Stars zone.
11:32 of 1st period - Carl Hagelin is hit by Eric Gelinas and loses puck.
11:47 of 1st period - Shot by Ryan Spooner.
11:47 of 1st period - Stopped by Steve Mason without a rebound.
11:48 of 1st period - Darren Helm wins face-off versus Derek Ryan in DALLAS Stars zone.
11:59 of 1st period - Shot by Darren Helm.
11:59 of 1st period - Shot Misses the Net.
12:01 of 1st period - Shot by Darren Helm.
12:01 of 1st period - Stopped by Steve Mason without a rebound.
12:02 of 1st period - Jeff Skinner wins face-off versus Eric Fehr in DALLAS Stars zone.
13:00 of 1st period - Shot by Derek Ryan.
13:00 of 1st period - Shot Misses the Net.
13:02 of 1st period - Shot by Derek Ryan.
13:02 of 1st period - Shot Misses the Net.
13:04 of 1st period - Shot by Milan Lucic.
13:04 of 1st period - Shot Misses the Net.
13:26 of 1st period - Connor Murphy is hit by Patrick Maroon and loses puck.
13:35 of 1st period - Darren Helm is hit by Milan Lucic and loses puck.
14:21 of 1st period - Shot by Scott Hartnell.
14:21 of 1st period - Shot Misses the Net.
14:23 of 1st period - Shot by Chris Stewart.
14:23 of 1st period - Shot Misses the Net.
14:38 of 1st period - Icing by Mark Barberio.
14:39 of 1st period - Tanner Fritz wins face-off versus Jeff Skinner in DALLAS Stars zone.
14:39 of 1st period - Tanner Fritz is hit by Kevin Bieksa.
14:47 of 1st period - Kevin Bieksa is hit by Chris Stewart and loses puck.
14:56 of 1st period - Shot by Jeff Skinner.
14:56 of 1st period - Stopped by Steve Mason without a rebound.
14:57 of 1st period - Eric Fehr wins face-off versus David Pastrnak in DALLAS Stars zone.
14:57 of 1st period - Eric Fehr is hit by Zack Smith.
15:02 of 1st period - Eric Fehr is hit by Kevin Bieksa and loses puck.
15:08 of 1st period - Minor Penalty to Dan Girardi for Roughing.
15:09 of 1st period - David Pastrnak wins face-off versus Eric Fehr in COLORADO Avalanche zone.
15:33 of 1st period - Shot by Jamie McGinn.
15:33 of 1st period - Deflect By Eric Fehr.
15:33 of 1st period - Shot Misses the Net.
15:35 of 1st period - Shot by Connor Murphy.
15:35 of 1st period - Shot Misses the Net.
16:09 of 1st period - Shot by Derek Ryan.
16:09 of 1st period - Stopped by Brian Elliott without a rebound.
16:10 of 1st period - David Pastrnak wins face-off versus Derek Ryan in COLORADO Avalanche zone.
16:29 of 1st period - Shot by Dalton Prout.
16:29 of 1st period - Stopped by Brian Elliott without a rebound.
16:30 of 1st period - Jeff Skinner wins face-off versus Eric Fehr in COLORADO Avalanche zone.
17:23 of 1st period - Shot by Lee Stempniak.
17:23 of 1st period - Shot Misses the Net.
17:25 of 1st period - Shot by Tyler Ennis.
17:25 of 1st period - Stopped by Brian Elliott without a rebound.
17:26 of 1st period - Mikkel Boedker wins face-off versus Darren Helm in COLORADO Avalanche zone.
17:26 of 1st period - Mikkel Boedker is hit by Jonathan Ericsson.
17:30 of 1st period - Shot by Mikkel Boedker.
17:30 of 1st period - Stopped by Brian Elliott without a rebound.
17:31 of 1st period - Derek Ryan wins face-off versus Zack Smith in COLORADO Avalanche zone.
17:39 of 1st period - Frank Vatrano is hit by Connor Murphy and loses puck.
17:43 of 1st period - Icing by Connor Murphy.
17:44 of 1st period - Jeff Skinner wins face-off versus Derek Ryan in DALLAS Stars zone.
17:51 of 1st period - Shot by Jeff Skinner.
17:51 of 1st period - Shot Blocked by Derek Ryan.
17:58 of 1st period - Ben Hutton is hit by Jonathan Ericsson and loses puck.
18:05 of 1st period - Shot by Mikkel Boedker.
18:05 of 1st period - Shot Misses the Net.
18:07 of 1st period - Shot by Milan Lucic.
18:07 of 1st period - Stopped by Brian Elliott without a rebound.
18:08 of 1st period - Darren Helm wins face-off versus Eric Fehr in COLORADO Avalanche zone.
18:13 of 1st period - Shot by David Perron.
18:13 of 1st period - Stopped by Steve Mason without a rebound.
18:14 of 1st period - Darren Helm wins face-off versus Eric Fehr in DALLAS Stars zone.
18:16 of 1st period - Minor Penalty to MacKenzie Weegar for Interference.
18:17 of 1st period - Derek Ryan wins face-off versus Jeff Skinner in DALLAS Stars zone.
18:46 of 1st period - Shot by David Savard.
18:46 of 1st period - Stopped by Steve Mason without a rebound.
18:47 of 1st period - Darren Helm wins face-off versus Derek Ryan in DALLAS Stars zone.
19:09 of 1st period - Darren Helm is hit by Eric Gelinas and loses puck.
19:20 of 1st period - Shot by Patrick Maroon.
19:20 of 1st period - Shot Misses the Net.
19:24 of 1st period - Shot by Jonas Brodin.
19:24 of 1st period - Stopped by Steve Mason without a rebound.
19:25 of 1st period - Jeff Skinner wins face-off versus Scott Hartnell in DALLAS Stars zone.
19:57 of 1st period - Shot by Jeff Skinner.
19:57 of 1st period - Stopped by Steve Mason without a rebound.
19:58 of 1st period - Darren Helm wins face-off versus Derek Ryan in DALLAS Stars zone.
Goals for this period are 0 for COLORADO Avalanche vs 1 for DALLAS Stars.
Shots for this period are 11 for COLORADO Avalanche vs 13 for DALLAS Stars.

2nd period


0:01 of 2nd period - Derek Ryan wins face-off versus Jeff Skinner in neutral zone.
0:14 of 2nd period - Shot by David Pastrnak.
0:14 of 2nd period - Stopped by Steve Mason without a rebound.
0:15 of 2nd period - Darren Helm wins face-off versus Derek Ryan in DALLAS Stars zone.
1:39 of 2nd period - Shot by David Pastrnak.
1:39 of 2nd period - Stopped by Steve Mason without a rebound.
1:40 of 2nd period - Eric Fehr wins face-off versus Darren Helm in DALLAS Stars zone.
1:40 of 2nd period - Eric Fehr is hit by Patrick Maroon.
2:07 of 2nd period - Eric Fehr is hit by Kevin Bieksa and loses puck.
2:49 of 2nd period - Minor Penalty to David Pastrnak for Hooking.
2:50 of 2nd period - Zack Smith wins face-off versus Scott Hartnell in COLORADO Avalanche zone.
3:03 of 2nd period - Shot by Connor Murphy.
3:03 of 2nd period - Stopped by Brian Elliott with a rebound.
4:49 of 2nd period - Shot by Scott Hartnell.
4:49 of 2nd period - Shot Misses the Net.
4:56 of 2nd period - David Pastrnak is hit by Ben Hutton and loses puck.
5:58 of 2nd period - Shot by Chris Stewart.
5:58 of 2nd period - Stopped by Brian Elliott without a rebound.
5:59 of 2nd period - Derek Ryan wins face-off versus Ryan Spooner in COLORADO Avalanche zone.
6:02 of 2nd period - Shot by Milan Lucic.
6:02 of 2nd period - Shot Blocked by David Savard.
6:07 of 2nd period - Off-side.
6:08 of 2nd period - Derek Ryan wins face-off versus Zack Smith in neutral zone.
6:17 of 2nd period - Shot by David Savard.
6:17 of 2nd period - Stopped by Steve Mason without a rebound.
6:18 of 2nd period - Ryan Spooner wins face-off versus Eric Fehr in DALLAS Stars zone.
6:20 of 2nd period - Jamie McGinn and David Savard fight to a draw.
6:20 of 2nd period - Penalty to Jamie McGinn for Fighting.
6:20 of 2nd period - Penalty to David Savard for Fighting.
6:20 of 2nd period - Penalty to Jamie McGinn for instigated a fight.
6:20 of 2nd period - Jamie McGinn is ejected from game.
6:21 of 2nd period - Jeff Skinner wins face-off versus Chris Kunitz in DALLAS Stars zone.
6:26 of 2nd period - Shot by David Pastrnak.
6:26 of 2nd period - Stopped by Steve Mason without a rebound.
6:27 of 2nd period - Jeff Skinner wins face-off versus Derek Ryan in DALLAS Stars zone.
6:48 of 2nd period - Shot by David Pastrnak.
6:48 of 2nd period - Stopped by Steve Mason without a rebound.
6:49 of 2nd period - Darren Helm wins face-off versus Derek Ryan in DALLAS Stars zone.
7:00 of 2nd period - Shot by Kevin Bieksa.
7:00 of 2nd period - Shot Misses the Net.
7:03 of 2nd period - David Perron is hit by MacKenzie Weegar and loses puck.
7:06 of 2nd period - Shot by Jonas Brodin.
7:06 of 2nd period - Shot Blocked by MacKenzie Weegar.
7:08 of 2nd period - Shot by Kevin Bieksa.
7:08 of 2nd period - Stopped by Steve Mason without a rebound.
7:09 of 2nd period - Jeff Skinner wins face-off versus Derek Ryan in DALLAS Stars zone.
7:10 of 2nd period - Shot by David Pastrnak.
7:10 of 2nd period - Shot Misses the Net.
7:43 of 2nd period - Jeff Skinner is hit by Connor Murphy.
8:06 of 2nd period - Off-side.
8:07 of 2nd period - Darren Helm wins face-off versus Scott Hartnell in neutral zone.
8:16 of 2nd period - Shot by Dan Girardi.
8:16 of 2nd period - Shot Blocked by MacKenzie Weegar.
8:18 of 2nd period - Shot by Darren Helm.
8:18 of 2nd period - Shot Misses the Net.
8:22 of 2nd period - Shot by Carl Hagelin.
8:22 of 2nd period - Goal by Carl Hagelin - COLORADO Avalanche : 1 - DALLAS Stars : 1.
8:23 of 2nd period - Dale Weise wins face-off versus Ryan Spooner in neutral zone.
8:44 of 2nd period - Shot by Tyler Ennis.
8:44 of 2nd period - Deflect By Dale Weise.
8:44 of 2nd period - Stopped by Brian Elliott without a rebound.
8:45 of 2nd period - Tanner Fritz wins face-off versus Jeff Skinner in COLORADO Avalanche zone.
8:49 of 2nd period - Icing by Justin Falk.
8:50 of 2nd period - Jeff Skinner wins face-off versus Derek Ryan in COLORADO Avalanche zone.
8:50 of 2nd period - Jeff Skinner is hit by Mikkel Boedker.
9:14 of 2nd period - Shot by Milan Lucic.
9:14 of 2nd period - Shot Misses the Net.
10:29 of 2nd period - Icing by MacKenzie Weegar.
10:30 of 2nd period - Eric Fehr wins face-off versus Ryan Spooner in DALLAS Stars zone.
10:30 of 2nd period - Eric Fehr is hit by Carl Hagelin.
11:12 of 2nd period - Icing by Eric Gelinas.
11:13 of 2nd period - Tanner Fritz wins face-off versus Jeff Skinner in DALLAS Stars zone.
11:39 of 2nd period - Minor Penalty to Milan Lucic for Hooking.
11:40 of 2nd period - Darren Helm wins face-off versus Derek Ryan in DALLAS Stars zone.
11:41 of 2nd period - Shot by Kevin Bieksa.
11:41 of 2nd period - Stopped by Steve Mason with a rebound.
11:43 of 2nd period - Shot by Kevin Bieksa.
11:43 of 2nd period - Stopped by Steve Mason without a rebound.
11:44 of 2nd period - Darren Helm wins face-off versus Derek Ryan in DALLAS Stars zone.
12:53 of 2nd period - Shot by David Pastrnak.
12:53 of 2nd period - Shot Blocked by MacKenzie Weegar.
13:28 of 2nd period - Shot by Connor Murphy.
13:28 of 2nd period - Stopped by Brian Elliott without a rebound.
13:29 of 2nd period - Darren Helm wins face-off versus Scott Hartnell in COLORADO Avalanche zone.
13:34 of 2nd period - Shot by David Perron.
13:34 of 2nd period - Shot Misses the Net.
13:36 of 2nd period - Shot by Kevin Bieksa.
13:36 of 2nd period - Shot Misses the Net.
13:54 of 2nd period - Shot by Ryan Spooner.
13:54 of 2nd period - Shot Misses the Net.
14:04 of 2nd period - Shot by Kris Versteeg.
14:04 of 2nd period - Shot Misses the Net.
15:00 of 2nd period - Dan Girardi is hit by Chris Stewart and loses puck.
15:44 of 2nd period - Eric Fehr is hit by Justin Falk.
16:07 of 2nd period - Kris Versteeg is hit by Eric Gelinas and loses puck.
16:37 of 2nd period - Icing by Jonas Brodin.
16:38 of 2nd period - Dale Weise wins face-off versus Jeff Skinner in COLORADO Avalanche zone.
17:55 of 2nd period - Dan Girardi is hit by Eric Gelinas and loses puck.
18:10 of 2nd period - Shot by Carl Hagelin.
18:10 of 2nd period - Stopped by Steve Mason without a rebound.
18:11 of 2nd period - Ryan Spooner wins face-off versus Tanner Fritz in DALLAS Stars zone.
18:38 of 2nd period - Shot by Kris Versteeg.
18:38 of 2nd period - Shot Misses the Net.
18:40 of 2nd period - Shot by Carl Hagelin.
18:40 of 2nd period - Shot Misses the Net.
18:42 of 2nd period - Shot by David Savard.
18:42 of 2nd period - Shot Misses the Net.
18:44 of 2nd period - Shot by Ryan Spooner.
18:44 of 2nd period - Shot Misses the Net.
18:49 of 2nd period - Carl Hagelin is hit by Ben Hutton and loses puck.
18:57 of 2nd period - Icing by Ben Hutton.
18:58 of 2nd period - Tanner Fritz wins face-off versus David Pastrnak in DALLAS Stars zone.
19:03 of 2nd period - Jeff Skinner is hit by Chris Stewart and loses puck.
19:25 of 2nd period - Icing by Jonathan Ericsson.
19:26 of 2nd period - Jeff Skinner wins face-off versus Derek Ryan in COLORADO Avalanche zone.
19:47 of 2nd period - Shot by Mikkel Boedker.
19:47 of 2nd period - Shot Misses the Net.
19:49 of 2nd period - Shot by Mikkel Boedker.
19:49 of 2nd period - Stopped by Brian Elliott without a rebound.
19:50 of 2nd period - Eric Fehr wins face-off versus Darren Helm in COLORADO Avalanche zone.
Goals for this period are 1 for COLORADO Avalanche vs 0 for DALLAS Stars.
Shots for this period are 10 for COLORADO Avalanche vs 5 for DALLAS Stars.

3rd period


0:01 of 3rd period - Derek Ryan wins face-off versus Jeff Skinner in neutral zone.
0:26 of 3rd period - Shot by Jeff Skinner.
0:26 of 3rd period - Shot Misses the Net.
0:36 of 3rd period - Shot by David Pastrnak.
0:36 of 3rd period - Stopped by Steve Mason without a rebound.
0:37 of 3rd period - Darren Helm wins face-off versus Eric Fehr in DALLAS Stars zone.
0:39 of 3rd period - Patrick Maroon is hit by MacKenzie Weegar and loses puck.
1:32 of 3rd period - Shot by Carl Hagelin.
1:32 of 3rd period - Stopped by Steve Mason with a rebound.
1:34 of 3rd period - Shot by David Savard.
1:34 of 3rd period - Shot Blocked by MacKenzie Weegar.
1:43 of 3rd period - Ryan Spooner is hit by MacKenzie Weegar and loses puck.
1:54 of 3rd period - Kris Versteeg is hit by Dale Weise and loses puck.
2:18 of 3rd period - Minor Penalty to Mark Barberio for High sticking.
2:19 of 3rd period - Jeff Skinner wins face-off versus Scott Hartnell in DALLAS Stars zone.
2:21 of 3rd period - Craig Smith is hit by Dalton Prout and loses puck.
2:43 of 3rd period - Shot by Jonas Brodin.
2:43 of 3rd period - Shot Blocked by Derek Ryan.
3:20 of 3rd period - Icing by Patrick Maroon.
3:21 of 3rd period - Darren Helm wins face-off versus Derek Ryan in COLORADO Avalanche zone.
3:35 of 3rd period - Shot by David Savard.
3:35 of 3rd period - Shot Blocked by Eric Gelinas.
3:37 of 3rd period - Shot by Kevin Bieksa.
3:37 of 3rd period - Stopped by Steve Mason without a rebound.
3:38 of 3rd period - Chris Kunitz wins face-off versus Jeff Skinner in DALLAS Stars zone.
3:53 of 3rd period - Shot by Jeff Skinner.
3:53 of 3rd period - Stopped by Steve Mason without a rebound.
3:54 of 3rd period - Darren Helm wins face-off versus Derek Ryan in DALLAS Stars zone.
4:01 of 3rd period - Shot by David Savard.
4:01 of 3rd period - Stopped by Steve Mason without a rebound.
4:02 of 3rd period - Jeff Skinner wins face-off versus Derek Ryan in DALLAS Stars zone.
4:15 of 3rd period - Shot by David Pastrnak.
4:15 of 3rd period - Shot Misses the Net.
4:46 of 3rd period - Shot by Tanner Fritz.
4:46 of 3rd period - Stopped by Brian Elliott without a rebound.
4:47 of 3rd period - Dale Weise wins face-off versus Jeff Skinner in COLORADO Avalanche zone.
4:54 of 3rd period - Shot by Lee Stempniak.
4:54 of 3rd period - Stopped by Brian Elliott without a rebound.
4:55 of 3rd period - Derek Ryan wins face-off versus Jeff Skinner in COLORADO Avalanche zone.
8:05 of 3rd period - Minor Penalty to MacKenzie Weegar for Tripping.
8:06 of 3rd period - Derek Ryan wins face-off versus Darren Helm in DALLAS Stars zone.
8:58 of 3rd period - Shot by Scott Hartnell.
8:58 of 3rd period - Deflect By Mikkel Boedker.
8:58 of 3rd period - Stopped by Brian Elliott without a rebound.
8:59 of 3rd period - Jeff Skinner wins face-off versus Derek Ryan in COLORADO Avalanche zone.
9:08 of 3rd period - Shot by Jeff Skinner.
9:08 of 3rd period - Shot Misses the Net.
9:10 of 3rd period - Shot by Jonas Brodin.
9:10 of 3rd period - Stopped by Steve Mason without a rebound.
9:11 of 3rd period - Darren Helm wins face-off versus Derek Ryan in DALLAS Stars zone.
9:23 of 3rd period - Off-side.
9:24 of 3rd period - Jeff Skinner wins face-off versus Derek Ryan in neutral zone.
9:30 of 3rd period - Shot by Jeff Skinner.
9:30 of 3rd period - Goal by Jeff Skinner - COLORADO Avalanche : 2 - DALLAS Stars : 1.
9:31 of 3rd period - Darren Helm wins face-off versus Tanner Fritz in neutral zone.
10:03 of 3rd period - Shot by Chris Stewart.
10:03 of 3rd period - Stopped by Brian Elliott without a rebound.
10:04 of 3rd period - Derek Ryan wins face-off versus David Pastrnak in COLORADO Avalanche zone.
10:12 of 3rd period - Milan Lucic is hit by Jonathan Ericsson and loses puck.
10:29 of 3rd period - Shot by Craig Smith.
10:29 of 3rd period - Shot Misses the Net.
10:31 of 3rd period - Shot by Craig Smith.
10:31 of 3rd period - Stopped by Steve Mason without a rebound.
10:32 of 3rd period - Dale Weise wins face-off versus Ryan Spooner in DALLAS Stars zone.
10:32 of 3rd period - Dale Weise is hit by Carl Hagelin.
11:00 of 3rd period - Dale Weise is hit by Kris Versteeg.
11:01 of 3rd period - Icing by Dale Weise.
11:02 of 3rd period - David Pastrnak wins face-off versus Eric Fehr in DALLAS Stars zone.
11:21 of 3rd period - Shot by Jeff Skinner.
11:21 of 3rd period - Shot Misses the Net.
11:25 of 3rd period - Shot by David Pastrnak.
11:25 of 3rd period - Deflect By Craig Smith.
11:25 of 3rd period - Stopped by Steve Mason without a rebound.
11:26 of 3rd period - Derek Ryan wins face-off versus Darren Helm in DALLAS Stars zone.
11:26 of 3rd period - Derek Ryan is hit by Darren Helm.
11:31 of 3rd period - Off-side.
11:32 of 3rd period - Darren Helm wins face-off versus Derek Ryan in neutral zone.
11:32 of 3rd period - David Perron is hit by Milan Lucic and loses puck.
11:43 of 3rd period - Shot by Derek Ryan.
11:43 of 3rd period - Stopped by Brian Elliott without a rebound.
11:44 of 3rd period - Tanner Fritz wins face-off versus Jeff Skinner in COLORADO Avalanche zone.
12:07 of 3rd period - Shot by Jeff Skinner.
12:07 of 3rd period - Stopped by Steve Mason without a rebound.
12:08 of 3rd period - Derek Ryan wins face-off versus Darren Helm in DALLAS Stars zone.
12:10 of 3rd period - Mikkel Boedker is hit by Patrick Maroon and loses puck.
13:09 of 3rd period - David Pastrnak is hit by Ben Hutton and loses puck.
13:55 of 3rd period - Shot by Chris Kunitz.
13:55 of 3rd period - Shot Blocked by Dan Girardi.
13:57 of 3rd period - Shot by Chris Kunitz.
13:57 of 3rd period - Stopped by Brian Elliott without a rebound.
13:58 of 3rd period - Tanner Fritz wins face-off versus Ryan Spooner in COLORADO Avalanche zone.
14:08 of 3rd period - Kris Versteeg is hit by Dalton Prout and loses puck.
15:04 of 3rd period - Icing by Mark Barberio.
15:05 of 3rd period - Zack Smith wins face-off versus Tyler Ennis in DALLAS Stars zone.
15:05 of 3rd period - Zack Smith is hit by MacKenzie Weegar.
15:06 of 3rd period - Minor Penalty to MacKenzie Weegar for Roughing.
15:07 of 3rd period - Derek Ryan wins face-off versus Jeff Skinner in DALLAS Stars zone.
17:23 of 3rd period - Carl Hagelin is hit by Lee Stempniak and loses puck.
17:28 of 3rd period - Shot by Tyler Ennis.
17:28 of 3rd period - Shot Blocked by Dan Girardi.
17:32 of 3rd period - Shot by Lee Stempniak.
17:32 of 3rd period - Stopped by Brian Elliott with a rebound.
17:34 of 3rd period - Shot by Dale Weise.
17:34 of 3rd period - Shot Misses the Net.
17:36 of 3rd period - Shot by Lee Stempniak.
17:36 of 3rd period - Shot Misses the Net.
17:38 of 3rd period - Shot by Lee Stempniak.
17:38 of 3rd period - Stopped by Brian Elliott without a rebound.
17:39 of 3rd period - Zack Smith wins face-off versus Tanner Fritz in COLORADO Avalanche zone.
17:39 of 3rd period - David Pastrnak is hit by Scott Hartnell and loses puck.
17:52 of 3rd period - Shot by Chris Stewart.
17:52 of 3rd period - Stopped by Brian Elliott without a rebound.
17:53 of 3rd period - Mikkel Boedker wins face-off versus Patrick Maroon in COLORADO Avalanche zone.
17:53 of 3rd period - Mikkel Boedker is hit by Dan Girardi.
17:57 of 3rd period - Shot by Milan Lucic.
17:57 of 3rd period - Stopped by Brian Elliott without a rebound.
17:58 of 3rd period - Derek Ryan wins face-off versus Darren Helm in COLORADO Avalanche zone.
18:11 of 3rd period - Milan Lucic is hit by Darren Helm and loses puck.
18:28 of 3rd period - Shot by David Savard.
18:28 of 3rd period - Shot Blocked by Milan Lucic.
19:00 of 3rd period - DALLAS Stars, Steve Mason is pulled from the net.
19:40 of 3rd period - Shot by Mikkel Boedker.
19:40 of 3rd period - Stopped by Brian Elliott without a rebound.
19:41 of 3rd period - Derek Ryan wins face-off versus Jeff Skinner in COLORADO Avalanche zone.
19:42 of 3rd period - Shot by Mikkel Boedker.
19:42 of 3rd period - The goal is going for a video replay.
19:42 of 3rd period - The goal is good.
19:42 of 3rd period - Goal by Mikkel Boedker - COLORADO Avalanche : 2 - DALLAS Stars : 2.
19:42 of 3rd period - Steve Mason from DALLAS Stars was sent back in the game.
19:43 of 3rd period - Jeff Skinner wins face-off versus Tanner Fritz in neutral zone.
19:49 of 3rd period - David Pastrnak is hit by Dalton Prout and loses puck.
19:59 of 3rd period - David Pastrnak is hit by Eric Gelinas.
Goals for this period are 1 for COLORADO Avalanche vs 1 for DALLAS Stars.
Shots for this period are 10 for COLORADO Avalanche vs 12 for DALLAS Stars.

Overtime #1


0:01 of 1st overtime period - Milan Lucic wins face-off versus David Pastrnak in neutral zone.
0:01 of 1st overtime period - Milan Lucic is hit by David Pastrnak.
0:47 of 1st overtime period - David Perron is hit by Milan Lucic and loses puck.
1:05 of 1st overtime period - Off-side.
1:06 of 1st overtime period - Scott Hartnell wins face-off versus Jeff Skinner in neutral zone.
1:11 of 1st overtime period - Shot by MacKenzie Weegar.
1:11 of 1st overtime period - Shot Misses the Net.
1:58 of 1st overtime period - Icing by Scott Hartnell.
1:59 of 1st overtime period - Scott Hartnell wins face-off versus David Pastrnak in DALLAS Stars zone.
2:19 of 1st overtime period - Shot by Kevin Bieksa.
2:19 of 1st overtime period - Stopped by Steve Mason without a rebound.
2:20 of 1st overtime period - Milan Lucic wins face-off versus David Pastrnak in DALLAS Stars zone.
2:46 of 1st overtime period - Shot by David Perron.
2:46 of 1st overtime period - Shot Misses the Net.
2:48 of 1st overtime period - Shot by Jonas Brodin.
2:48 of 1st overtime period - Goal by Jonas Brodin - COLORADO Avalanche : 3 - DALLAS Stars : 2.
Goals for this period are 1 for COLORADO Avalanche vs 0 for DALLAS Stars.
Shots for this period are 2 for COLORADO Avalanche vs 0 for DALLAS Stars.